Map: Kairos Junction LE

Players

hinO - Winner!

  • Race: Zerg Zerg
  • Spawn Location: 11:00

HolyHit

  • Race: Protoss Protoss
  • Spawn Location: 5:00

Event: 2019 WCS Summer

VOD

Have the link to the VOD?

Description

Time

  • Played on: July 12, 2019, 10:54 a.m.
  • Length: 8:24

All games in this series

Show
View Real Time Build Order
Export as new Build Order

hinO Zerg - Winner!

Build Orders: Hatch First 

Get SALT Encoding   

  12  0:00  Drone  
  13  0:12  Overlord  
  13  0:17  Drone  
  14  0:30  Drone x2  
  16  0:49  Hatchery  
  15  0:52  Drone  
  15  0:55  Drone  
  17  0:59  Drone  
  18  1:09  Extractor  
  17  1:15  Spawning Pool  
  16  1:18  Drone  
  16  1:21  Drone  
  18  1:28  Drone  
  19  1:47  Hatchery  
  19  1:50  Drone  
  19  1:56  Drone  
  20  2:04  Queen  
  22  2:10  Metabolic Boost  
  22  2:15  Zergling x2  
  23  2:18  Zergling x2  
  23  2:21  Drone  
  25  2:24  Drone  
  26  2:30  Overlord  
  26  2:34  Drone  
  26  2:35  Drone  
  28  2:47  Queen  
  28  2:50  Drone  
  28  2:51  Drone x2  
  32  2:59  Drone x2  
  32  3:00  Drone  
  32  3:03  Queen  
  37  3:09  Overlord  
  37  3:13  Drone x2  
  39  3:21  Overlord  
  39  3:24  Drone x2  
  41  3:27  Overlord x2  
  41  3:38  Drone x2  
  41  3:39  Spore Crawler x2  
  41  3:43  Spore Crawler  
  41  3:48  Drone x5  
  44  3:49  Extractor  
  44  3:51  Drone  
  44  3:52  Drone  
  44  3:53  Drone  
  46  3:56  Drone  
  46  3:57  Drone  
  46  3:59  Drone  
  46  4:01  Extractor  
  48  4:04  Drone  
  50  4:10  Zergling x4  
  50  4:14  Overlord  
  50  4:16  Drone x3  
  55  4:17  Drone x3  
  55  4:20  Overlord  
  55  4:22  Extractor  
  55  4:23  Extractor  
  56  4:27  Roach Warren  
  56  4:29  Lair  
  55  4:31  Overlord  
  55  4:34  Drone x2  
  55  4:37  Drone  
  58  4:38  Drone  
  58  4:40  Zergling x2  
  58  4:44  Zergling x2  
  61  4:46  Drone  
  61  4:47  Drone x2  
  61  4:49  Drone, Extractor  
  64  4:53  Zergling x2  
  64  4:54  Overlord  
  64  4:57  Zergling x2  
  64  4:58  Drone x3  
  69  5:01  Overlord  
  69  5:03  Drone  
  70  5:08  Roach x2  
  74  5:14  Extractor  
  74  5:15  Extractor  
  74  5:16  Roach x2  
  74  5:19  Overlord  
  74  5:20  Roach x5  
  88  5:21  Roach  
  88  5:26  Drone x3, Glial Reconstitution  
  91  5:29  Overlord  
  91  5:32  Overseer  
  91  5:33  Overlord  
  91  5:35  Drone  
  92  5:36  Drone  
  92  5:40  Drone x2  
  95  5:45  Drone  
  95  5:46  Drone  
  95  5:47  Drone  
  95  5:48  Overlord  
  98  5:51  Roach  
  98  5:57  Drone x2  
  100  5:59  Queen  
  100  6:01  Roach x3  
  105  6:06  Overlord  
  105  6:09  Roach x2  
  105  6:10  Roach x2  
  113  6:12  Ravager x2  
  113  6:13  Ravager x3  
  113  6:14  Overlord  
  113  6:17  Roach  
  113  6:18  Roach  
  122  6:22  Roach x2  
  126  6:27  Ravager  
  126  6:31  Roach x5  
  137  6:34  Overlord  
  137  6:35  Roach  
  137  6:38  Roach  
  141  6:43  Ravager  
  141  6:45  Roach x2  
  146  6:47  Overlord x2  
  146  6:57  Ravager x3  
  146  6:59  Zergling x2, Roach x2  
  154  7:02  Overlord x2  
  154  7:09  Roach x4  
  162  7:21  Roach  
  162  7:22  Roach x8  
  177  7:26  Ravager  
  177  7:28  Zergling x4  
  168  7:40  Zergling x12  
  166  7:44  Ravager x3  
  166  7:45  Ravager  
  166  7:48  Zergling x6  
  173  7:55  Hatchery  
  160  8:04  Zergling x10  
Show
View Real Time Build Order
Export as new Build Order

HolyHit Protoss 

Build Orders: 1 Gate Expand, Oracle Opening, Archon Immortal, Archon Drop 

Get SALT Encoding   

  12  0:00  Probe  
  13  0:12  Probe  
  14  0:18  Pylon  
  14  0:24  Probe  
  15  0:32  Probe  
  15  0:38  Gateway  
  15  0:40  Probe  
  16  0:47  Assimilator  
  17  0:51  Probe  
  18  1:03  Probe  
  19  1:15  Probe  
  20  1:24  Nexus  
  20  1:34  Cybernetics Core  
  20  1:37  Probe  
  21  1:43  Assimilator  
  21  1:49  Probe  
  21  1:51  Pylon  
  22  1:59  Probe  
  22  2:01  Adept  
  23  2:07  Probe  
  26  2:15  Probe  
  26  2:22  Stargate  
  27  2:27  Probe  
  28  2:31  Stalker  
  28  2:33  Probe  
  31  2:39  Probe, Warp Gate  
  31  2:41  Probe  
  33  2:51  Probe  
  33  2:52  Probe  
  33  2:56  Oracle  
  35  3:03  Probe  
  35  3:04  Probe  
  40  3:15  Probe  
  40  3:16  Probe  
  42  3:23  Gateway, Pylon  
  42  3:27  Probe  
  42  3:28  Probe  
  44  3:39  Probe  
  44  3:40  Probe  
  46  3:49  Robotics Facility  
  46  3:52  Probe x2, Twilight Council, Assimilator  
  46  3:54  Assimilator  
  48  4:01  Pylon  
  48  4:04  Probe x2, Gateway  
  48  4:05  Gateway  
  50  4:16  Probe x2  
  52  4:26  Warp Prism  
  52  4:27  Pylon  
  52  4:28  Probe x2  
  52  4:29  Adept x2  
  60  4:39  Templar Archives  
  60  4:40  Probe x2  
  62  4:52  Probe, Nexus  
  63  4:53  Pylon  
  63  5:00  Probe  
  63  5:02  Observer  
  63  5:03  Forge  
  65  5:13  Pylon  
  65  5:14  Pylon  
  65  5:15  Probe  
  65  5:16  Probe  
  67  5:27  Shield Battery  
  67  5:29  High Templar x4  
  67  5:33  Archon x2  
  67  5:34  Pylon  
  75  5:42  Immortal  
  75  5:46  Probe x2  
  75  5:48  Protoss Ground Weapons Level 1  
  75  5:49  Shield Battery  
  81  5:57  Charge  
  81  6:02  Probe  
  78  6:11  Photon Cannon, Gateway  
  78  6:13  Probe  
  78  6:14  Photon Cannon, Gateway  
  78  6:15  Observer, Probe  
  78  6:16  Gateway  
  78  6:17  Sentry x2  
  84  6:18  Immortal, Gateway  
  84  6:20  Probe  
  84  6:25  Probe  
  90  6:34  Probe  
  90  6:37  Probe  
  92  6:43  Gateway  
  92  6:44  Sentry  
  92  6:46  Gateway  
  94  6:53  Pylon  
  94  6:55  Assimilator  
  94  6:56  Zealot x2  
  94  6:57  Assimilator  
  98  7:02  Pylon  
  98  7:07  Zealot x2  
  98  7:08  Zealot  
  104  7:13  Immortal  
  104  7:14  Pylon  
  105  7:20  Sentry x2  
  105  7:22  Probe x2  
  110  7:31  Zealot x2  
  106  7:39  Zealot x3  
  106  7:43  Sentry x2  
  106  7:44  Immortal  
  108  7:51  Pylon  
  108  7:53  Pylon  
  108  7:57  Zealot x4  
  106  8:03  Zealot x2  
  93  8:06  Zealot  
  76  8:18  Zealot x2  
Tags
 
Add a new tag
Caveats
  • Supply blocks, unpowered buildings, or Contaminate may cause inaccurate times.
  • Supply counts are checked every 10 seconds.